 Dungeon Crawl Stone Soup version 0.28.0-53-g5a82cb258f (webtiles) character file.

Game seed: 3961970119896789337

12652 jjjjhere the Severer (level 9, -1/90 (91) HPs)
             Began as a Minotaur Brigand on Sept 11, 2022.
             Was an Elder of Ru.
             Slain by a five-headed hydra (12 damage)
             ... on level 1 of the Lair of Beasts on Sept 24, 2022.
             The game lasted 00:22:34 (18518 turns).

jjjjhere the Severer (Minotaur Brigand)            Turns: 18518, Time: 00:22:35

HP:   -1/90 (91)    AC: 15    Str: 19    XL:     9   Next: 65%
MP:   8/8           EV:  8    Int:  8    God:    Ru [****..]
Gold: 698           SH:  0    Dex: 13    Spells: 8/8 levels left

rFire   + . .      SeeInvis .   C - +1 flail
rCold   . . .      Faith    .   (no shield)
rNeg    . . .      Spirit   .   i - +0 chain mail
rPois   +          Reflect  .   (helmet restricted)
rElec   .          Harm     .   c - +0 cloak
rCorr   .          Rampage  .   n - +1 pair of gloves
Will    .....                   (no boots)
Stlth   ..........              (no amulet)
HPRegen 0.25/turn               M - ring of poison resistance
MPRegen 0.11/turn               v - ring of protection from fire

@: lightly drained
A: horns 2, no stealth, no hexes magic, no ice magic, no necromancy magic,
inexperienced 1, missing an eye, retaliatory headbutt
a: Renounce Religion, Draw Out Power, Power Leap


You were on level 1 of the Lair of Beasts.
You worshipped Ru.
Ru was greatly pleased with you.
You visited 2 branches of the dungeon, and saw 11 of its levels.

You collected 923 gold pieces.
You spent 225 gold pieces at shops.

Inventory:

Hand Weapons
 a - a +2 dagger
 e - a +0 war axe
 g - a +0 whip of freezing
 t - a +1 dagger of venom
 C - a +1 flail (weapon)
Missiles
 d - 14 poisoned darts
 r - 5 boomerangs (quivered)
 s - 2 curare-tipped darts
 w - 6 boomerangs of dispersal
 z - 3 throwing nets
Armour
 b - a +0 robe
 c - a +0 cloak (worn)
 i - a +0 chain mail (worn)
 n - a +1 pair of gloves (worn)
Jewellery
 m - a +6 ring of intelligence
 v - a ring of protection from fire (right hand)
 x - a ring of see invisible
 M - a ring of poison resistance (left hand)
 P - a ring of resist corrosion
Wands
 o - a wand of charming (12)
 y - a wand of acid (6)
 F - a wand of flame (26)
Scrolls
 f - 4 scrolls of enchant armour
 p - 2 scrolls of enchant weapon
 q - a scroll of teleportation
 A - a scroll of blinking
 B - 3 scrolls of noise {unknown}
 G - 2 scrolls of fog
 H - a scroll of amnesia
 L - a scroll of holy word {unknown}
Potions
 h - 2 potions of brilliance
 j - a potion of mutation
 k - 4 potions of might
 l - 2 potions of flight
 u - 5 potions of curing
 D - 2 potions of lignification
 E - 2 potions of ambrosia
 I - a potion of haste
 J - a potion of magic
 K - a potion of attraction


   Skills:
 + Level 12.5 Fighting
 - Level 2.1 Short Blades
 - Level 16.0 Axes
 - Level 2.0 Throwing
 + Level 9.2 Armour
 - Level 1.1 Dodging


You had 8 spell levels left.
You didn't know any spells.
Your spell library contained the following spells:

 Spells                   Type           Power      Damage    Failure   Level
 Ignite Poison            Fire/Tmut/Pois 0%         N/A       100%        3
 Mephitic Cloud           Conj/Pois/Air  0%         N/A       100%        3
 Animate Armour           Summ/Erth      0%         N/A       100%        4
 Blade Hands              Tmut           0%         N/A       100%        5
 Summon Forest            Summ/Tloc      0%         N/A       100%        5
 Iron Shot                Conj/Erth      0%         9d1       100%        6
 Summon Cactus Giant      Summ           0%         N/A       100%        6
 Ozocubu's Armour         Ice            Unusable   N/A       N/A         3
 Animate Dead             Necr           Unusable   N/A       N/A         4
 Freezing Cloud           Conj/Ice/Air   Unusable   6-21      N/A         5
 Summon Mana Viper        Hex/Summ       Unusable   N/A       N/A         5
 Haunt                    Necr/Summ      Unusable   N/A       N/A         7
 Ozocubu's Refrigeration  Ice            Unusable   4d5       N/A         7
 Infestation              Necr           Unusable   N/A       N/A         8

Dungeon Overview and Level Annotations

Branches:
Dungeon (10/15)            Temple (0/1) D:6            Lair (1/6) D:10
    Orc (0/2) D:9

Altars:
Ru
Vehumet

Shops:
D:6 **   D:8 ?

Annotations:
D:2 1 runed translucent door, Crazy Yiuf


Innate Abilities, Weirdness & Mutations

You have a pair of horns on your head.
You cannot be stealthy.
You cannot study or cast Hexes magic.
You cannot study or cast Ice magic.
You cannot study or cast Necromancy magic.
You are somewhat inexperienced. (-2 XL)
You are missing an eye, making it more difficult to aim.
You reflexively headbutt those who attack you in melee.


Message History

The five-headed hydra is lightly wounded.
Throw: 5 boomerangs
Press: ? - help, Q - select action, (/) - cycle Shift-Dir - straight line, f/p - five-headed hydra
Aim: a five-headed hydra (lightly wounded, 65% to hit)
You throw a boomerang.
The boomerang hits the five-headed hydra.
The five-headed hydra is moderately wounded.
Throw: 5 boomerangs
Press: ? - help, Q - select action, (/) - cycle Shift-Dir - straight line, f/p - five-headed hydra
Aim: a five-headed hydra (moderately wounded, 65% to hit)
You throw a boomerang.
The boomerang hits the five-headed hydra.
The five-headed hydra is moderately wounded.
You sock the five-headed hydra! You headbutt the five-headed hydra!
The five-headed hydra is heavily wounded.
The five-headed hydra bites you.
The five-headed hydra bites you but does no damage. x3
The five-headed hydra closely misses you.
You closely miss the five-headed hydra.
The five-headed hydra is heavily wounded.
The five-headed hydra bites you but does no damage.
The five-headed hydra bites you! x2
The five-headed hydra bites you but does no damage.
The five-headed hydra closely misses you.
You completely miss the five-headed hydra.
The five-headed hydra is heavily wounded.
The five-headed hydra bites you! The five-headed hydra bites you.
The five-headed hydra bites you!
The five-headed hydra bites you but does no damage.
The five-headed hydra bites you!
You hit the five-headed hydra.
The five-headed hydra is heavily wounded.
The five-headed hydra bites you but does no damage.
The five-headed hydra bites you!
* * * LOW HITPOINT WARNING * * *
The five-headed hydra barely misses you.
The five-headed hydra bites you!
* * * LOW HITPOINT WARNING * * *
The five-headed hydra bites you!
You die...

... #.. #.# P.P.
#.# ..... #.......#
#.#.....# #D#.....#
##@#.....#.#
#....#.#.#..
##.........#
#..........
#.........###
##.#.........# ####
#P.#..#......###≈≈≈
##.#.........##≈≈..
#.#..#......#≈≈..)


You could see a five-headed hydra.

Vanquished Creatures
  Harold (D:7)
  2 two-headed ogres
  Pikel (D:5)
  Joseph (D:7)
  Psyche (D:8)
  2 komodo dragons
  4 trolls
  4 hornets (D:10)
  Prince Ribbit (D:7)
  Sigmund (D:3)
  A wyvern (D:10)
  10 yaks
  Grum (D:8)
  A basilisk (Lair:1)
  A wraith (D:7)
  2 vampire mosquitoes (D:9)
  5 water moccasins
  An acid dragon (D:9)
  A floating eye (D:10)
  A hornet zombie (D:9)
  4 orc warriors
  3 necrophages
  A sky beast (D:5)
  An ogre (D:6)
  4 wolves (D:8)
  A centaur (D:8)
  A lemure (D:5)
  4 bullfrogs
  2 kobold brigands
  A wyvern zombie (D:8)
  2 scorpions (D:4)
  4 killer bees (D:9)
  A water moccasin skeleton (D:6)
  A vampire bat (D:3)
  12 wights
  3 electric eels (Lair:1)
  2 howler monkeys
  A centaur zombie (D:9)
  3 lava snakes (Lair:1)
  2 jellies
  A bullfrog zombie (D:6)
  A bullfrog skeleton (D:6)
  7 orc priests
  A gnoll shaman (D:6)
  A hound (D:6)
  5 iguanas
  Natasha (thrice) (D:2)
  Terence (D:1)
  18 orc wizards
  A hound skeleton (D:4)
  A howler monkey zombie (D:10)
  5 gnolls
  7 adders
  4 river rats (D:3)
  A shadow imp (D:7)
  2 ufetubi (D:6)
  2 adder skeletons (D:4)
  2 worms
  2 dart slugs
  3 fire bats (D:3)
  40 orcs
  2 spectral bats (D:3)
  14 bats
  3 bat skeletons (D:3)
  A bat zombie (D:3)
  13 endoplasms
  4 giant cockroaches
  6 goblins
  7 hobgoblins
  5 jackals
  7 quokkas
  5 ball pythons
  A bat simulacrum (D:3)
  3 frilled lizards
  16 kobolds
  4 rats
294 creatures vanquished.

Vanquished Creatures (others)
  An orc warrior (D:6)
  A centaur (D:9)
  An orc priest (D:9)
  An orc wizard (D:4)
  An adder (D:5)
  2 fungi (Lair:1)
  A plant (Lair:1)
8 creatures vanquished.

Grand Total: 302 creatures vanquished

Notes
Turn   | Place    | Note
-------+----------+-------------------------------------------
     0 | D:1      | jjjjhere the Minotaur Brigand began the quest for the Orb.
     0 | D:1      | Reached XP level 1. HP: 18/18 MP: 0/0
   195 | D:1      | Reached XP level 2. HP: 26/26 MP: 1/1
   458 | D:1      | Reached skill level 1 in Axes
   532 | D:1      | Reached XP level 3. HP: 30/33 MP: 2/2
   816 | D:1      | Reached skill level 2 in Axes
   985 | D:2      | Found a faded altar of an unknown god.
  1023 | D:2      | Noticed Terence
  1050 | D:1      | HP: 10/33 [Terence/+0 flail (9)]
  1055 | D:1      | HP: 9/33 [Terence/+0 flail (1)]
  1061 | D:1      | HP: 4/33 [Terence/+0 flail (6)]
  1085 | D:1      | Killed Terence
  1086 | D:1      | Reached skill level 3 in Axes
  1086 | D:1      | Reached XP level 4. HP: 8/40 MP: 3/3
  1141 | D:1      | HP: 8/40 [gnoll/+0 flail (7)]
  1517 | D:2      | Reached skill level 4 in Axes
  1895 | D:2      | Found a runed translucent door.
  1896 | D:2      | Noticed Crazy Yiuf
  1968 | D:2      | Noticed Natasha
  1980 | D:2      | Killed Natasha
  1981 | D:2      | Reached skill level 5 in Axes
  1981 | D:2      | Reached XP level 5. HP: 21/46 MP: 4/4
  2433 | D:2      | Noticed Natasha
  2438 | D:2      | Killed Natasha
  2497 | D:2      | Noticed Natasha
  2507 | D:2      | Killed Natasha
  2735 | D:3      | Noticed Sigmund
  2955 | D:3      | Reached skill level 6 in Axes
  3149 | D:3      | Killed Sigmund
  3150 | D:3      | Reached skill level 7 in Axes
  3150 | D:3      | Reached XP level 6. HP: 22/52 MP: 5/5
  3565 | D:3      | Found a radiant altar of Vehumet.
  3565 | D:3      | Found a sacrificial altar of Ru.
  3768 | D:3      | Reached skill level 8 in Axes
  3775 | D:3      | Reached XP level 7. HP: 58/58 MP: 6/6
  4293 | D:3      | Became a worshipper of Ru the Awakened
  4371 | D:4      | Reached skill level 9 in Axes
  4518 | D:4      | Reached skill level 10 in Axes
  4705 | D:4      | Noticed a yak
  4705 | D:4      | Noticed a yak
  4810 | D:3      | HP: 19/58 [yak (4)]
  4830 | D:3      | Killed a yak
  4831 | D:3      | Reached XP level 8. HP: 26/66 MP: 7/7
  5052 | D:4      | Reached skill level 11 in Axes
  5830 | D:3      | Reached skill level 12 in Axes
  6528 | D:4      | Gained mutation: You cannot study or cast Ice magic. [Ru
                  | sacrifice]
  6528 | D:4      | Gained mutation: You cannot study or cast Hexes magic. [Ru
                  | sacrifice]
  6528 | D:4      | Gained mutation: You cannot study or cast Necromancy magic.
                  | [Ru sacrifice]
  6528 | D:4      | Reached * piety under Ru
  7098 | D:5      | Entered Level 5 of the Dungeon
  7207 | D:5      | HP: 20/66 [poisoned by a water moccasin]
  7212 | D:5      | HP: 16/66 [poisoned by a water moccasin]
  7829 | D:5      | Reached skill level 13 in Axes
  7968 | D:5      | Reached XP level 9. HP: 66/73 MP: 8/8
  8150 | D:5      | Noticed Pikel
  8209 | D:5      | Killed Pikel
  8210 | D:5      | Reached skill level 5 in Fighting
  9175 | D:6      | Reached skill level 14 in Axes
  9307 | D:6      | Found Bavevoiw's General Store.
  9308 | D:6      | Found Tusyg's Specific Store.
  9765 | D:6      | Found a staircase to the Ecumenical Temple.
  9821 | D:6      | Gained mutation: You cannot be stealthy. [Ru sacrifice]
 10311 | D:6      | HP: 24/78 [necrophage (3)]
 10323 | D:6      | HP: 6/77 [wraith (9)]
 10609 | D:6      | Reached skill level 15 in Axes
 10638 | D:6      | Noticed a two-headed ogre
 10661 | D:6      | HP: 18/79 [two-headed ogre/+0 giant club (20)]
 10662 | D:6      | HP: 2/79 [two-headed ogre/+0 giant club (12)]
 10666 | D:6      | Killed a two-headed ogre
 10667 | D:6      | Reached XP level 10. HP: 3/88 MP: 9/9
 11095 | D:7      | HP: 26/88 [poisoned by a water moccasin]
 11100 | D:7      | HP: 13/88 [poisoned by a water moccasin]
 11105 | D:7      | HP: 8/88 [poisoned by a water moccasin]
 11864 | D:7      | Noticed Joseph
 11887 | D:7      | Killed Joseph
 11888 | D:7      | Reached skill level 16 in Axes
 12319 | D:7      | Reached skill level 1 in Armour
 12489 | D:7      | Noticed Harold
 12501 | D:7      | Killed Harold
 12729 | D:7      | Noticed Prince Ribbit
 12734 | D:7      | Killed Prince Ribbit
 13565 | D:8      | Noticed Psyche
 13575 | D:8      | Killed Psyche
 13576 | D:8      | Reached skill level 10 in Fighting
 13651 | D:8      | Reached skill level 5 in Armour
 13857 | D:8      | Found Bifiot's Magic Scroll Emporium.
 13865 | D:8      | Bought 2 scrolls of blinking for 225 gold pieces
 14101 | D:8      | Noticed Grum
 14112 | D:8      | Killed Grum
 14349 | D:9      | Gained mutation: You are somewhat inexperienced. (-2 XL)
                  | [Ru sacrifice]
 14349 | D:9      | Reached XP level 9. HP: 86/86 MP: 8/8
 14349 | D:9      | Reached XP level 8. HP: 80/80 MP: 7/7
 14349 | D:9      | Reached ** piety under Ru
 14349 | D:9      | Reached *** piety under Ru
 14438 | D:9      | Reached XP level 9. HP: 80/86 MP: 8/8
 14462 | D:9      | HP: 20/86 [orc priest/divine providence (13)]
 14468 | D:8      | HP: 23/82 [centaur (5)]
 14898 | D:9      | Noticed a two-headed ogre
 15001 | D:9      | Killed a two-headed ogre
 15461 | D:9      | Found a staircase to the Orcish Mines.
 15785 | D:10     | Entered Level 10 of the Dungeon
 16467 | D:10     | Found a staircase to the Lair.
 16757 | D:10     | Noticed an orc sorcerer
 16761 | D:10     | Paralysed by a hornet for 2 turns
 17351 | D:10     | Paralysed by a hornet for 1 turns
 17358 | D:10     | Paralysed by a hornet for 2 turns
 17630 | Lair:1   | Entered Level 1 of the Lair of Beasts
 18250 | Lair:1   | HP: 25/91 [komodo dragon (26)]
 18500 | Lair:1   | Gained mutation: You are missing an eye, making it more
                  | difficult to aim. [Ru sacrifice]
 18500 | Lair:1   | Reached **** piety under Ru
 18509 | Lair:1   | Noticed a five-headed hydra
 18517 | Lair:1   | HP: 28/90 [five-headed hydra (12)]
 18518 | Lair:1   | HP: 11/90 [five-headed hydra (9)]
 18518 | Lair:1   | Slain by a five-headed hydra

Illustrated notes

Levels and vault maps discovered:
D:1:      sevenhm_arrival_forest_fort_large_4, layout_loops_ring,
          chequers_serial_rivers_micro_e
D:2:      layout_basic, nicolae_ecumenical_pavilion, eino_tiny_chamber,
          uniq_natasha, uniq_crazy_yiuf_cottage, uniq_terence
D:3:      layout_basic, gammafunk_temple_overflow_wave, gup_sewer_entry_spiral,
          goddamned_bats, uniq_sigmund
D:4:      layout_layer_cave
D:5:      layout_loops_cross, patterned_corridor, uniq_pikel
D:6:      minmay_klotski, layout_basic, minmay_temple_entry_fiery,
          wad_floor_pattern_1, nicolae_specific_store,
          minmay_misc_feat_diagonals
D:7:      hellmonk_destroyed_diamonds, layout_loops_corners, uniq_joseph,
          uniq_prince_ribbit1, uniq_harold
D:8:      layout_gridville, serial_shops, nicolae_stop_n_shop_2, uniq_psyche,
          uniq_grum
D:9:      layout_rooms, orc_0_dummy
D:10:     hellmonk_paralyzer, layout_basic
Lair:1:   layout_chaotic_city, portal_ice_cave_demonic_guard,
          nicolae_lair_liquid_snakes

Skill      XL: |  1  2  3  4  5  6  7  8  9 10 |
---------------+-------------------------------+-----
Fighting       | 3 4 12 10 | 12.5
Axes           | 1 3 5 7 8 10 13 15 16 | 16.0
Stealth        | 0 |  0.0
Armour         | 6 9 5 |  9.2
Short Blades   | |  2.1
Throwing       | |  2.0
Dodging        | |  1.1

Action                   |  1- 3 |  4- 6 |  7- 9 | 10-12 || total
-------------------------+-------+-------+-------+-------++-------
Melee: Dagger            |    68 |    66 |       |       ||   134
       Headbutt          |    12 |    47 |   130 |    30 ||   219
       Hand axe          |     4 |   106 |   243 |       ||   353
       Punch             |       |     1 |     3 |     2 ||     6
       War axe           |       |       |   378 |   160 ||   538
       Flail             |       |       |     4 |       ||     4
Throw: Dart              |     5 |     8 |     3 |       ||    16
       Boomerang         |       |       |    23 |       ||    23
Invok: Sacrifice Arcana  |       |       |     1 |       ||     1
       Sacrifice Experie |       |       |     1 |       ||     1
       Draw Out Power    |       |       |     4 |       ||     4
       Sacrifice Stealth |       |       |     1 |       ||     1
       Sacrifice an Eye  |       |       |     1 |       ||     1
Evoke: Wand              |       |       |    11 |     1 ||    12
  Use: Scroll            |       |       |    18 |     4 ||    22
       Potion            |       |       |     2 |       ||     2
 Stab: Distracted        |       |       |     2 |     1 ||     3
       Invisible         |       |       |     1 |       ||     1
Armor: Chain mail        |    44 |    93 |   253 |    63 ||   453
       Robe              |     1 |       |       |       ||     1
       Skin              |       |       |    13 |       ||    13
Dodge: Dodged            |    34 |    66 |   202 |    49 ||   351
